 Dungeon Crawl Stone Soup version 0.26-b1-57-gb162d0664a (webtiles) character file.

Game seed: 13191883628872501076

478 Froggeryz the Cudgeller (level 7, 0/40 HPs)
             Began as a Gargoyle Gladiator on Jan 8, 2021.
             Was an Initiate of Okawaru.
             Slain by an ogre
             ... wielding a +0 giant club
              (11 damage)
             ... on level 4 of the Dungeon.
             The game lasted 00:04:14 (4345 turns).

Froggeryz the Cudgeller (Gargoyle Gladiator)        Turns: 4345, Time: 00:04:14

Health: 0/40       AC: 12    Str: 20    XL:     7   Next: 11%
Magic:  7/7        EV: 10    Int:  8    God:    Okawaru [......]
Gold:   137        SH:  4    Dex: 11    Spells: 6/6 levels left

rFire    . . .     SeeInvis .   a - +0 flail
rCold    . . .     Faith    .   g - +0 buckler
rNeg     + . .     Spirit   .   r - +0 scale mail
rPois    ∞         Reflect  .   c - +0 helmet
rElec    +         Harm     .   (no cloak)
rCorr    .         Rampage  .   (no gloves)
Will     .....                  e - +0 pair of boots
Stlth    ..........             (no amulet)
HPRegen  0.13/turn              (no ring)
MPRegen  0.10/turn              (no ring)

@: no status effects
A: negative energy resistance 1, electricity resistance, unbreathing,
petrification resistance, miasma immunity, AC +4
a: Renounce Religion


You were on level 4 of the Dungeon.
You worshipped Okawaru.
Okawaru was noncommittal.
You visited 2 branches of the dungeon, and saw 5 of its levels.

You collected 237 gold pieces.
You spent 100 gold pieces at shops.

Inventory:

Hand Weapons
 a - a +0 flail (weapon)
Missiles
 d - 3 throwing nets
 l - 7 poisoned darts (quivered)
Armour
 c - a +0 helmet (worn)
 e - a +0 pair of boots (worn)
 g - a +0 buckler (worn)
 r - a +0 scale mail (worn)
Wands
 b - a wand of enslavement (4)
Scrolls
 h - a scroll of identify
 i - a scroll of teleportation
 j - a scroll of fog
 m - a scroll of magic mapping
Potions
 f - a potion of might {unknown}
 k - a potion of attraction {unknown}
 n - a potion of berserk rage
 o - a potion of cancellation {unknown}
 p - a potion of curing
 q - a potion of heal wounds


   Skills:
 - Level 2.1 Fighting
 * Level 6.8 Maces & Flails
 - Level 1.7 Throwing
 - Level 2.4 Dodging
 + Level 4.0 Shields


You had 6 spell levels left.
You didn't know any spells.
Your spell library contained the following spells:

 Spells                   Type           Power        Failure   Level
 Corona                   Hex            0%           78%         1
 Ensorcelled Hibernation  Hex/Ice        0%           89%         2
 Confusing Touch          Hex            0%           98%         3
 Dazzling Flash           Conj/Hex       0%           98%         3
 Tukima's Dance           Hex            0%           98%         3


Dungeon Overview and Level Annotations

Branches:
Dungeon (4/15)             Temple (1/1) D:4

Altars:
Ashenzari
Cheibriados
Dithmenos
Elyvilon
Fedhas
Gozag
Hepliaklqana
Kikubaaqudgha
Makhleb
Okawaru
Qazlal
Ru
Sif Muna
Trog
Xom
Yredelemnul

Shops:
D:4 *

Annotations:
D:4 1 transporter


Innate Abilities, Weirdness & Mutations

You are resistant to torment.
Your stone body is resilient. (AC +4)
You are immune to poison.
You resist negative energy. (rN+)
You are resistant to electric shocks. (rElec)
You can survive without breathing.
You are immune to petrification.
You are immune to miasma.


Message History

You hit the ogre.
The ogre is moderately wounded.
The ogre hits you with a +0 giant club!
You hit the ogre.
The ogre is heavily wounded.
The ogre closely misses you.
You sock the ogre!
The ogre is severely wounded.
You hit the ogre but do no damage.
The ogre is severely wounded.
The ogre misses you.
You barely miss the ogre.
The ogre is severely wounded.
The ogre hits you with a +0 giant club!
* * * LOW HITPOINT WARNING * * *
You are too injured to fight recklessly!
You sock the ogre!
The ogre is almost dead.
The ogre hits you with a +0 giant club!
You die...

##### ..... .)...
..... ...## .....
....# ##### #...#
## #...##....
#......###
#.O.#.##8.
###########@...#©..
#.....[......#.#.#.
#......####..# ..#
######.###>.#
.....# .
........†<..#
..##.#..
##.###.####.# #..#
.#.# #.....# #.#
#..# #.. #######
#.. .... ##8 ####
#### ##


You could see an ogre.

Vanquished Creatures
  A centaur (D:4)
  An ogre (D:4)
  2 orc wizards
  2 worker ants
  4 gnolls (D:3)
  7 adders
  An ooze (D:2)
  2 worms (D:2)
  3 dart slugs
  4 leopard geckos
  9 orcs
  5 giant cockroaches
  6 goblins
  9 hobgoblins
  6 kobolds
  4 quokkas
  3 ball pythons
  7 bats
  8 frilled lizards
  8 rats
92 creatures vanquished.

Vanquished Creatures (others)
  A wizard (D:3)
1 creature vanquished.

Grand Total: 93 creatures vanquished

Notes
Turn   | Place    | Note
-------+----------+-------------------------------------------
     0 | D:1      | Froggeryz the Gargoyle Gladiator began the quest for the
                  | Orb.
     0 | D:1      | Reached XP level 1. HP: 12/12 MP: 1/1
    38 | D:1      | Reached XP level 2. HP: 17/17 MP: 2/2
   623 | D:2      | Reached skill level 4 in Maces & Flails
   623 | D:2      | Reached XP level 3. HP: 21/21 MP: 3/3
   637 | D:2      | Reached skill level 1 in Shields
   684 | D:2      | Found a snail-covered altar of Cheibriados.
   686 | D:2      | Noticed a torpor snail
   686 | D:2      | Noticed a torpor snail
   686 | D:2      | Noticed a torpor snail
  1050 | D:2      | Reached XP level 4. HP: 21/26 MP: 4/4
  1746 | D:2      | Reached skill level 5 in Maces & Flails
  1922 | D:3      | Reached XP level 5. HP: 17/30 MP: 5/5
  2939 | D:3      | Reached XP level 6. HP: 23/35 MP: 6/6
  3268 | D:3      | Found a bloodstained altar of Trog.
  3271 | D:3      | Noticed a wizard
  3276 | D:3      | Killed a wizard
  3356 | D:4      | Found Cinatab's Assorted Antiques.
  3360 | D:4      | Bought a scroll labelled JOGAOR ZESTEWA for 25 gold pieces
  3360 | D:4      | Bought a scroll labelled DUCYCH KAEWNAS for 25 gold pieces
  3360 | D:4      | Bought a scroll of identify for 50 gold pieces
  3378 | D:4      | Reached skill level 6 in Maces & Flails
  3389 | D:4      | Found a staircase to the Ecumenical Temple.
  3407 | Temple   | Entered the Ecumenical Temple
  3517 | Temple   | Became a worshipper of Warmaster Okawaru
  3981 | D:4      | Reached XP level 7. HP: 15/40 MP: 7/7
  4195 | D:4      | Found a blossoming altar of Fedhas.
  4337 | D:4      | Found a transporter.
  4345 | D:4      | Slain by an ogre

Illustrated notes

Levels and vault maps discovered:
D:1:      mrwooster_arrival_statue_3, layout_basic
D:2:      layout_basic, hangedman_glass_teeth, cheibriados_altar_2
D:3:      layout_loops_ring, trog_wizard
D:4:      layout_basic, tso_altar, fedhas_bush_and_centaur_altar,
          minmay_temple_entry_water_ring, serial_shops, shop,
          gammafunk_ghost_arena, grunt_ashenzari_visionary
          [grunt_ashenzari_visionary_shoals, grunt_ashenzari_visionary_snake],
          uniq_edmund
Temple:   regret_index_temple_waves

Skill      XL: |  1  2  3  4  5  6 |
---------------+-------------------+-----
Maces & Flails | 4 5 6 |  6.8
Shields        | 1 2 3 4 |  4.0
Fighting       | |  2.1
Throwing       | |  1.7
Dodging        | |  2.4

Action                   |  1- 3 |  4- 6 |  7- 9 || total
-------------------------+-------+-------+-------++-------
Melee: Flail             |    81 |   262 |     8 ||   351
Throw: Dart              |       |     7 |       ||     7
       Throwing net      |       |     1 |       ||     1
Evoke: Wand              |       |     1 |       ||     1
  Use: Scroll            |       |    12 |       ||    12
       Potion            |       |     1 |       ||     1
 Stab: Sleeping          |     1 |       |       ||     1
Armor: Leather armour    |    32 |       |       ||    32
       Ring mail         |     8 |     4 |       ||    12
       Scale mail        |       |   178 |     2 ||   180
Dodge: Dodged            |    55 |   176 |     2 ||   233
Block: Buckler           |     7 |    80 |       ||    87
